 Dungeon Crawl Stone Soup version 0.24-a0-736-g4e6fe308c7 (webtiles) character file.

Game seed: 3210148019406236005, levelgen mode: deterministic

47 Kiporshnikov the Slasher (level 3, 0/29 HPs)
             Began as a Human Berserker on Oct 2, 2019.
             Was a Believer of Trog.
             Slain by an orc
             ... wielding a +0 short sword
              (1 damage)
             ... on level 2 of the Dungeon.
             The game lasted 00:06:03 (1538 turns).

Kiporshnikov the Slasher (Human Berserker)          Turns: 1538, Time: 00:06:03

Health: 0/29       AC:  6    Str: 18    XL:     3   Next: 97%
Magic:  0/3        EV: 11    Int:  7    God:    Trog [**....]
Gold:   90         SH:  0    Dex: 12    Spells: 2/2 levels left

rFire    . . .     SeeInvis .   a - +0 falchion
rCold    . . .     Gourm    .   (no shield)
rNeg     . . .     Faith    .   g - +1 ring mail (curse)
rPois    .         Spirit   +   (no helmet)
rElec    .         Reflect  .   i - scarf {Spirit}
rCorr    .         Harm     .   (no gloves)
MR       .....                  (no boots)
Stlth    +.........             (no amulet)
HPRegen  0.09/turn              (no ring)
MPRegen  0.08/turn              (no ring)

@: no status effects
A: no striking features
a: Berserk, Trog's Hand, Renounce Religion


You were on level 2 of the Dungeon.
You worshipped Trog.
Trog was pleased with you.
You were not hungry.

You visited 1 branch of the dungeon, and saw 3 of its levels.

You collected 90 gold pieces.

Inventory:

Hand Weapons
 a - a +0 falchion (weapon)
 b - a +0 dagger
 f - a +0 hunting sling
Missiles
 d - 17 stones (quivered)
Armour
 g - a cursed +1 ring mail (worn)
 i - a scarf of spirit shield (worn)
Jewellery
 e - a cursed ring of attention {unknown}
Scrolls
 j - a scroll of identify
Potions
 l - 2 potions of lignification
Comestibles
 c - 6 rations


   Skills:
 + Level 3.4 Fighting
 + Level 4.0 Long Blades
 + Level 2.1 Armour
 + Level 2.2 Dodging


You had 2 spell levels left.
You didn't know any spells.
Your spell library was empty.

Dungeon Overview and Level Annotations

Branches:
Dungeon (3/15)

Altars:


Message History

* * * LOW HITPOINT WARNING * * *
The orc hits you but does no damage. The orc hits you but does no damage.
The orc completely misses you.
You riposte.
You barely miss the orc.
The frilled lizard unfolds its giant frill.
The orc hits you but does no damage. The orc hits you but does no damage.
The orc hits you but does no damage. The orc hits you but does no damage.
You feel less wooden.
Your scarf of spirit shield unmelds from your body.
Your cursed +1 ring mail unmelds from your body.
You feel spirits watching over you. The orc hits you but does no damage.
The orc hits you but does no damage. The orc closely misses you.
You riposte.
You closely miss the orc.
You see here a hand axe.
The orc hits you with a +0 short sword.
* * * LOW HITPOINT WARNING * * *
The orc hits you with a +0 short sword.
You die...

#.#... #..).. ###### ###...
.....# #... .....# #... .....#
######## ####
...).##############......########
..>†.....÷wl.goo.........w......(
..........######@.#......#####.##
####$.....# ##.#.............#
#......# #...............#
..[.##### ##..............#
#....# #..#####.......# #...?.
##.# ######.## .....#. ... #.#
#.....#< . ... ......# #


You could see a worm, 2 orcs, a goblin and a frilled lizard.

Vanquished Creatures
  An adder (D:2)
  An ooze (D:1)
  A dart slug (D:1)
  A leopard gecko (D:1)
  3 bats (D:1)
  A giant cockroach (D:1)
  7 goblins
  4 hobgoblins (D:2)
  4 kobolds
  3 frilled lizards
  5 rats
31 creatures vanquished.

Notes
Turn   | Place    | Note
-------+----------+-------------------------------------------
     0 | D:1      | Kiporshnikov the Human Berserker began the quest for the
                  | Orb.
     0 | D:1      | Reached XP level 1. HP: 18/18 MP: 1/1
   181 | D:1      | Reached XP level 2. HP: 22/24 MP: 2/2
   711 | D:1      | Reached XP level 3. HP: 27/29 MP: 3/3
  1015 | D:1      | Reached ** piety under Trog
  1479 | D:2      | Reached skill level 4 in Long Blades
  1523 | D:2      | HP: 1/43 [orc/+0 short sword (3)]
  1536 | D:2      | HP: 1/29 [orc/+0 short sword (1)]
  1538 | D:2      | Slain by an orc

Levels and vault maps discovered:
D:1:      minmay_arrival_hallway, layout_basic
D:2:      layout_basic, lemuel_crystal_altar, first_ration
D:3:      layout_rooms, gammafunk_temple_overflow_wave, uniq_crazy_yiuf_cottage

Skill      XL: |  1  2  3 |
---------------+----------+-----
Long Blades    | 4 |  4.0
Fighting       | |  3.4
Armour         | |  2.1
Dodging        | |  2.2

Action                   || total
-------------------------++-------
Melee: Falchion          ||   111
Throw: Stone             ||     3
  Use: Scroll            ||     3
       Potion            ||     2
  Eat: Chunk             ||     2
Armor: Animal skin       ||    23
       Skin              ||    34
       Ring mail         ||    25
Dodge: Dodged            ||   108
       Rpst.: Falchion   ||    33

Table legend:
 A = Non-vault XP
 B = Vault XP
 C = Vault XP percentage of total XP
 D = Non-vault monster count
 E = Vault monster count
 F = Vault count percentage of total count
                 A         B        C        D         E       F
            +---------+---------+-------+---------+---------+-------
      Total |      68 |       0 |   0.0 |      31 |       0 |   0.0
            +---------+---------+-------+---------+---------+-------
        D:1 |      41 |       0 |   0.0 |      21 |       0 |   0.0
        D:2 |      27 |       0 |   0.0 |      10 |       0 |   0.0
            +---------+---------+-------+---------+---------+-------
